[Event "Titled Tuesday Blitz March 29 Early 2022"]
[White "Perez Gormaz, Matias"]
[Black "Terletsky, Oleg"]
[WhiteFideId "3406342"]
[BlackFideId "14116774"]
[WhiteElo "2327"]
[BlackElo "2064"]
[Result "1-0"]
[Round "01"]
[TimeControl "180+1"]
[Date "2022.03.30"]
[WhiteClock "0:02:20"]
[BlackClock "0:01:24"]

1. e4 e5 2. Nf3 Nc6 3. Bb5 a6 4. Ba4 Nf6 5. d3 b5 6. Bb3 d6 7. c3 Be7 8. a4 b4 9. a5 O-O 10. O-O Rb8 11. Re1 Bd7 12. Bc4 Qc8 13. Nbd2 Nd8 14. d4 bxc3 15. bxc3 exd4 16. cxd4 d5 17. exd5 Nb7 18. Rxe7 1-0


[Site "https://www.chess.com"]

[Event "Titled Tuesday Blitz March 29 Early 2022"]
[White "Petrova, Irina"]
[Black "Skliarov, Viktor"]
[WhiteFideId "14124122"]
[BlackFideId "14106736"]
[WhiteElo "1993"]
[BlackElo "2229"]
[Result "0-1"]
[Round "01"]
[TimeControl "180+1"]
[Date "2022.03.30"]
[WhiteClock "0:00:19"]
[BlackClock "0:00:06"]

1. e4 c5 2. Nf3 Nc6 3. Bb5 e6 4. Bxc6 bxc6 5. O-O Ne7 6. Re1 Ng6 7. b3 Be7 8. Bb2 O-O 9. d3 f6 10. Nbd2 e5 11. Nc4 d5 12. Ne3 Rb8 13. c4 Nf4 14. g3 Nh3+ 15. Kg2 d4 16. Nc2 Bg4 17. Qc1 Bxf3+ 18. Kxf3 f5 19. Kg2 Nxf2 20. Kxf2 fxe4+ 21. Kg2 exd3 22. Rxe5 Bd6 23. Re1 Qf6 24. Qd2 Qf3+ 25. Kg1 dxc2 26. Qxc2 Rbe8 27. Rxe8 Rxe8 28. Rf1 Qe3+ 29. Kh1 Qe4+ 30. Qg2 Qxg2+ 31. Kxg2 Re2+ 32. Rf2 Rxf2+ 33. Kxf2 Kf7 34. Ke2 Ke6 35. Kd3 Kf5 36. Bc1 h5 37. b4 Kg4 38. bxc5 Bxc5 39. Bb2 Kh3 40. Bxd4 Bxd4 41. Kxd4 Kxh2 42. Kc5 Kxg3 43. Kxc6 h4 44. Kd5 h3 0-1


[Site "https://www.chess.com"]

[Event "Titled Tuesday Blitz March 29 Early 2022"]
[White "Piesik, Piotr"]
[Black "Sanchez, Robert"]
[WhiteFideId "1136194"]
[BlackFideId "2034360"]
[WhiteElo "2190"]
[BlackElo "2254"]
[Result "1-0"]
[Round "01"]
[TimeControl "180+1"]
[Date "2022.03.30"]
[WhiteClock "0:01:12"]
[BlackClock "0:01:14"]

1. Nf3 d5 2. g3 e6 3. Bg2 Nf6 4. O-O Be7 5. d3 O-O 6. Nbd2 c5 7. e4 d4 8. a4 Nc6 9. Nc4 Nd7 10. Nfd2 e5 11. f4 f6 12. Bh3 Nb6 13. Bxc8 Qxc8 14. f5 g6 15. h4 Rf7 16. g4 Rg7 17. Kh2 Nxc4 18. Nxc4 Rb8 19. g5 gxf5 20. Rxf5 fxg5 21. hxg5 Qe6 22. Qg4 Qc8 23. Bd2 h5 24. Qh3 b5 25. axb5 Rxb5 26. Raf1 a5 27. b3 Rb7 28. Rf8+ Qxf8 29. Rxf8+ Bxf8 30. Qe6+ 1-0


[Site "https://www.chess.com"]

[Event "Titled Tuesday Blitz March 29 Early 2022"]
[White "Piliczewski, Bogusz"]
[Black "Riehle, Marco"]
[WhiteFideId "1104144"]
[BlackFideId "12904392"]
[WhiteElo "1896"]
[BlackElo "2462"]
[Result "0-1"]
[Round "01"]
[TimeControl "180+1"]
[Date "2022.03.30"]
[WhiteClock "0:00:12"]
[BlackClock "0:02:00"]

1. d4 d5 2. Nf3 Nf6 3. Bf4 e6 4. h3 Bd6 5. Bxd6 Qxd6 6. e3 c5 7. c3 O-O 8. Bd3 b6 9. Nbd2 Ba6 10. Bxa6 Nxa6 11. O-O c4 12. Qe2 b5 13. e4 dxe4 14. Nxe4 Nxe4 15. Qxe4 Qd5 16. Qe2 Nc7 17. a3 a5 18. Rfe1 Rab8 19. Qe5 Qxe5 20. Rxe5 Nd5 21. Nd2 Rfc8 22. Ne4 b4 23. axb4 axb4 24. Nc5 bxc3 25. bxc3 Nxc3 26. Rc1 Rb3 27. Nxb3 cxb3 28. Rc5 Rxc5 29. dxc5 b2 30. Re1 Kf8 31. f4 b1=Q 32. Rxb1 Nxb1 33. Kf2 Ke7 34. Ke3 Nc3 35. Kd4 Nb5+ 36. Kc4 Nc7 37. g3 Kd7 38. g4 Kc6 39. f5 e5 40. g5 f6 41. h4 Na6 42. h5 h6 43. gxf6 gxf6 44. Kd3 Nxc5+ 45. Ke3 Nb7 46. Kf3 Nd6 47. Kg4 Kd5 48. Kh4 Nxf5+ 49. Kg4 Nd6 50. Kf3 f5 51. Kg3 f4+ 52. Kg4 Kd4 53. Kh4 e4 54. Kg4 Ke5 55. Kh4 e3 56. Kg4 Ke4 57. Kh4 e2 58. Kg4 e1=Q 59. Kh3 Qg3# 0-1


[Site "https://www.chess.com"]

[Event "Titled Tuesday Blitz March 29 Early 2022"]
[White "Polanco Nunez, Yoel Estarling"]
[Black "Tregubov, Pavel V."]
[WhiteFideId "6401783"]
[BlackFideId "4115341"]
[WhiteElo "2132"]
[BlackElo "2341"]
[Result "1-0"]
[Round "01"]
[TimeControl "180+1"]
[Date "2022.03.30"]
[WhiteClock "0:00:20"]
[BlackClock "0:00:14"]

1. d4 Nf6 2. Nf3 e6 3. Bg5 c5 4. c3 Be7 5. e3 b6 6. Nbd2 Bb7 7. Be2 Ne4 8. Bxe7 Qxe7 9. O-O O-O 10. Qc2 Nxd2 11. Nxd2 d6 12. Bd3 h6 13. Be4 Bxe4 14. Qxe4 d5 15. Qc2 Nc6 16. Rfe1 Rfc8 17. Qa4 Rab8 18. Qa3 cxd4 19. Qxe7 Nxe7 20. exd4 Nf5 21. a4 Nd6 22. Kf1 a6 23. Ke2 Kf8 24. Kd3 Ke7 25. f3 g5 26. h4 gxh4 27. Rh1 Nf5 28. Nf1 Rg8 29. Rh2 h3 30. g4 Nd6 31. Rxh3 f5 32. Ne3 fxg4 33. Nxg4 Rbf8 34. Re1 Rg6 35. Re3 Nc4 36. Re2 b5 37. b3 Na5 38. axb5 axb5 39. b4 Nc4 40. Ra2 Rd8 41. Ra7+ Rd7 42. Rxd7+ Kxd7 43. Rxh6 Rg7 44. Rf6 Ke7 45. Rh6 Rf7 46. Ke2 Kd7 47. Rh5 Ke7 48. Rh8 Kd7 49. Rb8 Kc6 50. Rc8+ Kd7 51. Rxc4 dxc4 52. Ne5+ Ke7 53. Nxf7 Kxf7 54. Ke3 Ke7 55. Ke4 Kd6 56. f4 Ke7 57. d5 Kd6 58. dxe6 Kxe6 59. Kd4 Kd6 60. f5 Kc6 61. f6 Kd6 62. f7 1-0


[Site "https://www.chess.com"]

[Event "Titled Tuesday Blitz March 29 Early 2022"]
[White "Polster, Christian"]
[Black "Jaferian, Koosha"]
[WhiteFideId "12965081"]
[BlackFideId "12507440"]
[WhiteElo "2317"]
[BlackElo "2030"]
[Result "0-1"]
[Round "01"]
[TimeControl "180+1"]
[Date "2022.03.30"]
[WhiteClock "0:00:16"]
[BlackClock "0:01:41"]

1. e4 c6 2. Ke2 d5 3. d3 g6 4. h4 h5 5. Nd2 Bg7 6. g3 e5 7. Bh3 Nf6 8. Kf1 Bxh3+ 9. Nxh3 dxe4 10. Qe2 exd3 11. Qxe5+ Kf8 12. cxd3 Qxd3+ 13. Kg2 Ng4 14. Qc7 Qd5+ 15. Nf3 Nd7 16. Nf4 Qc5 17. Nd3 Qd5 18. Nf4 Qf5 19. Qxb7 Re8 20. Qxc6 Nde5 21. Nxe5 Nxe5 22. Qc5+ Kg8 23. Be3 Qe4+ 24. Kf1 Qxh1+ 25. Ke2 Qxa1 0-1


[Site "https://www.chess.com"]

[Event "Titled Tuesday Blitz March 29 Early 2022"]
[White "Postnikov, Daniil"]
[Black "Quirke, Jeffrey"]
[WhiteFideId "4166329"]
[BlackFideId "2013029"]
[WhiteElo "2261"]
[BlackElo "2175"]
[Result "1-0"]
[Round "01"]
[TimeControl "180+1"]
[Date "2022.03.30"]
[WhiteClock "0:00:32"]
[BlackClock "0:00:03"]

1. d4 d5 2. c4 e6 3. Nf3 Nf6 4. g3 Bb4+ 5. Bd2 a5 6. Bg2 O-O 7. O-O dxc4 8. Qc1 Bxd2 9. Nbxd2 b5 10. b3 cxb3 11. Nxb3 Bb7 12. Nc5 Bd5 13. Qc2 Nbd7 14. e4 Bc4 15. Rfd1 Nxc5 16. dxc5 Qe7 17. Ne5 Qxc5 18. Nxc4 bxc4 19. e5 Nd5 20. Rac1 Rab8 21. Qxc4 Qxc4 22. Rxc4 Rb2 23. Bxd5 exd5 24. Rxd5 Rxa2 25. Rxc7 g6 26. Kg2 a4 27. Ra5 g5 28. e6 fxe6 29. Rxg5+ Kh8 30. Kh3 Raxf2 31. Rgg7 R8f5 32. Rxh7+ Kg8 33. Rcg7+ Kf8 34. Ra7 Kg8 35. Rhg7+ Kh8 36. Rge7 Rf8 37. Rh7+ 1-0


[Site "https://www.chess.com"]

[Event "Titled Tuesday Blitz March 29 Early 2022"]
[White "Postny, Evgeny"]
[Black "Vovk, Orest"]
[WhiteFideId "2804344"]
[BlackFideId "14113490"]
[WhiteElo "2483"]
[BlackElo "2203"]
[Result "1-0"]
[Round "01"]
[TimeControl "180+1"]
[Date "2022.03.30"]
[WhiteClock "0:00:50"]
[BlackClock "0:00:03"]

1. e4 g5 2. d4 h6 3. Nc3 Bg7 4. Nf3 c5 5. dxc5 Bxc3+ 6. bxc3 Nc6 7. h4 g4 8. Nd4 Qa5 9. Nxc6 dxc6 10. Qd4 Nf6 11. Bd2 Be6 12. c4 Rd8 13. Qe3 Qa4 14. e5 Nh5 15. Qb3 Qa6 16. Bd3 g3 17. O-O gxf2+ 18. Rxf2 Rd4 19. Rb1 Bc8 20. e6 Bxe6 21. Bc3 Rxd3 22. cxd3 O-O 23. Qd1 Ng7 24. Qd2 Kh7 25. Qe3 Rd8 26. Bd2 1-0


[Site "https://www.chess.com"]

[Event "Titled Tuesday Blitz March 29 Early 2022"]
[White "Pranav, V"]
[Black "Shohat, Yotam"]
[WhiteFideId "25060783"]
[BlackFideId "2813955"]
[WhiteElo "2349"]
[BlackElo "2119"]
[Result "1-0"]
[Round "01"]
[TimeControl "180+1"]
[Date "2022.03.29"]
[WhiteClock "0:01:01"]
[BlackClock "0:00:02"]

1. e4 c5 2. Nf3 Nc6 3. Bb5 Nf6 4. Bxc6 dxc6 5. e5 Nd5 6. O-O Bg4 7. d3 e6 8. Nbd2 Be7 9. Ne4 O-O 10. h3 Bh5 11. Ng3 Bg6 12. Re1 c4 13. d4 c3 14. b3 a5 15. a3 c5 16. dxc5 Bxc5 17. Qe2 Qb6 18. Rf1 h6 19. Ne4 Bd4 20. Rd1 Bxe4 21. Nxd4 Bg6 22. Nb5 Bxc2 23. Rd4 Bg6 24. h4 Rfd8 25. h5 Bxh5 26. Qxh5 Qxb5 27. Bxh6 gxh6 28. Qxh6 Qe2 29. Rh4 f5 30. Qg6+ Kf8 31. Rh8+ Ke7 32. Qg7# 1-0


[Site "https://www.chess.com"]

[Event "Titled Tuesday Blitz March 29 Early 2022"]
[White "Priasmoro, Novendra"]
[Black "Pesotskiy, Mikhail"]
[WhiteFideId "7105029"]
[BlackFideId "34164453"]
[WhiteElo "2309"]
[BlackElo "2010"]
[Result "1-0"]
[Round "01"]
[TimeControl "180+1"]
[Date "2022.03.30"]
[WhiteClock "0:00:37"]
[BlackClock "0:00:06"]

1. Nf3 Nf6 2. g3 b6 3. Bg2 Bb7 4. O-O e6 5. d4 Be7 6. c4 O-O 7. Nc3 Ne4 8. Bd2 d6 9. Nxe4 Bxe4 10. Bc3 Nd7 11. Re1 Qc8 12. Bf1 Rd8 13. Nd2 Bb7 14. e4 e5 15. d5 a5 16. b3 Rf8 17. Bh3 Qd8 18. f4 Bc8 19. Nf3 exf4 20. gxf4 Nf6 21. Bg2 Bg4 22. h3 Bxf3 23. Qxf3 Nd7 24. e5 Nc5 25. Bd4 Qc8 26. Qg3 g6 27. a3 Qf5 28. b4 axb4 29. axb4 Rxa1 30. Bxa1 Nd3 31. Be4 Qxf4 32. Qxd3 dxe5 33. Bg2 Bxb4 34. Bxe5 Bc5+ 35. Kh1 Qh4 36. Rf1 Re8 37. Bf6 Re3 38. Qxe3 Bxe3 39. Bxh4 1-0


[Site "https://www.chess.com"]

[Event "Titled Tuesday Blitz March 29 Early 2022"]
[White "Prohorov, Olexandr"]
[Black "Karolczuk, Iwo"]
[WhiteFideId "14105578"]
[BlackFideId "21816972"]
[WhiteElo "1993"]
[BlackElo "2243"]
[Result "1-0"]
[Round "01"]
[TimeControl "180+1"]
[Date "2022.03.30"]
[WhiteClock "0:00:15"]
[BlackClock "0:00:09"]

1. Nf3 c5 2. e4 d6 3. c3 Nf6 4. Be2 g6 5. O-O Bg7 6. h3 O-O 7. Qc2 Nc6 8. Rd1 e5 9. d4 cxd4 10. cxd4 exd4 11. Nxd4 Ne5 12. Nc3 a6 13. f4 Ned7 14. Be3 Re8 15. a4 Nc5 16. Bf3 Qe7 17. Re1 Bd7 18. Bf2 Rec8 19. e5 Ne8 20. Nd5 Qf8 21. Nb6 dxe5 22. fxe5 Nxa4 23. Nxd7 Rxc2 24. Nxf8 Rxf2 25. Kxf2 Nxb2 26. Bxb7 Rd8 27. Nc6 Rd2+ 28. Re2 Rxe2+ 29. Kxe2 Kxf8 30. Bxa6 Nc7 31. Kd2 f6 32. Kc2 fxe5 33. Rf1+ Ke8 34. Kxb2 Nxa6 35. Kb3 Nc5+ 36. Kc4 Ne4 37. Kd5 Ng3 38. Rb1 e4 39. Ke6 1-0


[Site "https://www.chess.com"]

[Event "Titled Tuesday Blitz March 29 Early 2022"]
[White "Przybylski, Wojciech"]
[Black "Nakamura, Hikaru"]
[WhiteFideId "1117599"]
[BlackFideId "2016192"]
[WhiteElo "2133"]
[BlackElo "2850"]
[Result "0-1"]
[Round "01"]
[TimeControl "180+1"]
[Date "2022.03.29"]
[WhiteClock "0:00:11"]
[BlackClock "0:01:40"]

1. e4 g6 2. d4 Bg7 3. Nc3 a6 4. Be3 b5 5. a3 Bb7 6. f3 d6 7. Qd2 Nd7 8. Nge2 Nb6 9. Nf4 e6 10. h4 h5 11. a4 b4 12. Na2 a5 13. Nc1 Ne7 14. Bb5+ Bc6 15. Bd3 Nxa4 16. c4 bxc3 17. bxc3 Nb6 18. O-O d5 19. Nce2 a4 20. Nh3 Qd7 21. Ng5 Bb5 22. Rfb1 Bxd3 23. Qxd3 Nc4 24. Bf4 Qc6 25. Rb4 a3 26. Nc1 O-O 27. g4 f6 28. Nh3 hxg4 29. fxg4 Nb2 30. Qe2 dxe4 31. Rb3 Nc4 32. Nf2 f5 33. Rb4 Nb6 34. Bd2 Ned5 35. Rb3 Nc4 36. Be1 e5 37. Na2 Nf4 38. Qf1 Ne3 39. Qb5 Qxb5 40. Rxb5 exd4 41. cxd4 Nc2 42. Rc1 Ne2+ 43. Kf1 Nxc1 44. Rc5 Nxa2 45. Rxc2 Nb4 0-1


[Site "https://www.chess.com"]

[Event "Titled Tuesday Blitz March 29 Early 2022"]
[White "Rabineau, Clement"]
[Black "FGHSMN"]
[WhiteFideId "628891"]
[WhiteElo "2237"]
[BlackElo "2768"]
[Result "1-0"]
[Round "01"]
[TimeControl "180+1"]
[Date "2022.03.30"]
[WhiteClock "0:00:07"]
[BlackClock "0:00:01"]

1. e4 c5 2. c3 Nf6 3. e5 Nd5 4. Bc4 Nb6 5. Bb3 Nc6 6. Nf3 c4 7. Bc2 d5 8. exd6 e6 9. b3 Bxd6 10. O-O h6 11. Na3 cxb3 12. axb3 O-O 13. d4 Nd5 14. Qd3 Nf6 15. Nc4 Be7 16. Re1 b6 17. Nce5 Nxe5 18. Nxe5 Bb7 19. Ng4 g6 20. Nxh6+ Kg7 21. Nxf7 Rxf7 22. Qxg6+ Kf8 23. Bh6+ Ke8 24. Rxe6 Qd5 25. Rae1 Kd7 26. Bf5 Kd8 27. R6e5 Qc6 28. Re6 Qd5 29. R1e5 Qxb3 30. Qxf7 Nd5 31. Rxe7 Qd1+ 32. Re1 Nxe7 33. Qxe7# 1-0


[Site "https://www.chess.com"]

[Event "Titled Tuesday Blitz March 29 Early 2022"]
[White "Ravi, Teja S."]
[Black "Krylov, Ivan"]
[WhiteFideId "5017220"]
[BlackFideId "24128066"]
[WhiteElo "2412"]
[BlackElo "2258"]
[Result "1-0"]
[Round "01"]
[TimeControl "180+1"]
[Date "2022.03.30"]
[WhiteClock "0:02:31"]
[BlackClock "0:01:06"]

1. d4 d5 2. c4 e6 3. Nc3 Nf6 4. Nf3 Be7 5. Bf4 c5 6. dxc5 Bxc5 7. e3 O-O 8. Qc2 a6 9. cxd5 Nxd5 10. Nxd5 Qxd5 11. Bd3 h6 12. O-O Bd7 13. Be4 Qh5 14. Ne5 Bc6 15. Bxc6 Nxc6 16. Qxc5 f6 17. Nd7 Qxc5 18. Nxc5 e5 19. Bg3 b6 20. Nd7 1-0


[Site "https://www.chess.com"]

[Event "Titled Tuesday Blitz March 29 Early 2022"]
[White "Rengifo Blancas, Renzo Jhonathan"]
[Black "Oganian, Miran"]
[WhiteFideId "3807185"]
[BlackFideId "4122488"]
[WhiteElo "2058"]
[BlackElo "2357"]
[Result "0-1"]
[Round "01"]
[TimeControl "180+1"]
[Date "2022.03.30"]
[WhiteClock "0:00:06"]
[BlackClock "0:00:22"]

1. e4 e6 2. d4 d5 3. Bd3 dxe4 4. Bxe4 Nf6 5. Bf3 Nbd7 6. Ne2 Bd6 7. O-O e5 8. Nbc3 O-O 9. Bg5 h6 10. Bh4 Re8 11. h3 Nf8 12. dxe5 Bxe5 13. Qxd8 Rxd8 14. Rad1 Bf5 15. Bxb7 Rxd1 16. Rxd1 Rb8 17. Bg3 Bxc3 18. Nxc3 Rxb7 19. Rd8 Rxb2 20. Bxc7 Rxc2 21. Bd6 Rxc3 22. Rxf8+ Kh7 23. Rxf7 a5 24. Bf8 Ne8 25. Rxf5 a4 26. Ra5 Rc4 27. a3 Kg8 28. Bb4 Nf6 29. Rxa4 Ne4 30. Ra8+ Kh7 31. Rf8 Rc1+ 32. Kh2 Rc2 33. f3 Ng5 34. a4 Rc4 35. Rb8 Rc2 36. Kg3 Ra2 37. a5 Ne6 38. Rb6 Nd4 39. a6 g5 40. Bc5 Nf5+ 41. Kh2 Nh4 42. Rb7+ Kg6 43. a7 Rxg2+ 44. Kh1 Ra2 45. Rb8 Nxf3 46. Rg8+ Kh5 47. Bd6 Rxa7 48. Kg2 Nh4+ 49. Kf1 Rd7 50. Bg3 Nf5 51. Bf2 Rd3 52. Kg2 Ne7 53. Rh8 Ng6 54. Rh7 Nf4+ 55. Kf1 Nxh3 56. Ke2 Nxf2 57. Kxf2 Ra3 58. Kg2 g4 59. Rb7 Kh4 60. Rb2 h5 61. Rd2 Re3 62. Kh2 Rf3 63. Kg2 Kg5 64. Rd5+ Rf5 65. Rd8 Ra5 66. Rh8 Kh4 67. Rh7 Ra2+ 68. Kg1 Kg3 69. Kf1 h4 70. Ke1 Ra1+ 0-1


[Site "https://www.chess.com"]

[Event "Titled Tuesday Blitz March 29 Early 2022"]
[White "Rodriguez, Santiago"]
[Black "Costachi, Mihnea"]
[WhiteFideId "3000591"]
[BlackFideId "1217518"]
[WhiteElo "2256"]
[BlackElo "2464"]
[Result "1-0"]
[Round "01"]
[TimeControl "180+1"]
[Date "2022.03.30"]
[WhiteClock "0:00:51"]
[BlackClock "0:01:36"]

1. d4 Nf6 2. Bg5 Ne4 3. Bf4 c5 4. f3 Nf6 5. dxc5 Qa5+ 6. Qd2 Qxc5 7. Nc3 g6 8. O-O-O Bg7 9. e4 O-O 10. Bh6 b5 11. Bxg7 Kxg7 12. h4 b4 13. Nce2 a5 14. Nf4 a4 15. h5 b3 16. a3 bxc2 17. Qxc2 Qg5 18. Qd2 Qa5 19. hxg6 Qxd2+ 20. Rxd2 hxg6 21. Bb5 d6 22. Nge2 Bd7 23. Bxd7 Nbxd7 24. Kb1 Nc5 25. Nc3 Nb3 26. Rc2 Rfc8 27. g4 Rc5 28. Nd3 Rc4 29. g5 Nd7 30. Rch2 Nf8 31. Nd5 Ra7 32. Rh8 Nd2+ 33. Ka2 Nxf3 34. N3b4 Rxe4 35. Nc6 Rc7 36. Nxc7 Nxg5 37. Ne8# 1-0


[Site "https://www.chess.com"]

[Event "Titled Tuesday Blitz March 29 Early 2022"]
[White "Ronka, Erik"]
[Black "Tristan, Leonardo"]
[WhiteFideId "505080"]
[BlackFideId "113816"]
[WhiteElo "2264"]
[BlackElo "2404"]
[Result "0-1"]
[Round "01"]
[TimeControl "180+1"]
[Date "2022.03.30"]
[WhiteClock "0:00:10"]
[BlackClock "0:01:38"]

1. e4 d5 2. exd5 Qxd5 3. Nc3 Qa5 4. d4 Nf6 5. Nf3 Bf5 6. Bc4 e6 7. Bd2 Bb4 8. a3 Bxc3 9. Bxc3 Qb6 10. O-O Nc6 11. Ne5 Nxe5 12. dxe5 Rd8 13. Qe2 Ne4 14. Bb4 c5 15. Bb5+ Ke7 16. Be1 a6 17. Bd3 Qxb2 18. Bxe4 Qxa1 19. Bxf5 exf5 20. Ba5 Qxa3 21. Bxd8+ Rxd8 22. Qh5 g6 23. Qg5+ Ke8 24. Qf6 c4 25. Re1 Qe7 26. Qh8+ Kd7 27. Qxh7 Kc7 28. Qh3 Qxe5 29. Rf1 0-1


[Site "https://www.chess.com"]

[Event "Titled Tuesday Blitz March 29 Early 2022"]
[White "Rustemov, Alexander"]
[Black "Glavina, Pablo"]
[WhiteFideId "4119002"]
[BlackFideId "100234"]
[WhiteElo "2757"]
[BlackElo "2369"]
[Result "1-0"]
[Round "01"]
[TimeControl "180+1"]
[Date "2022.03.30"]
[WhiteClock "0:00:59"]
[BlackClock "0:00:16"]

1. d4 d5 2. c4 e6 3. Nc3 Nf6 4. cxd5 exd5 5. Bg5 Be7 6. e3 O-O 7. Bd3 c6 8. Qc2 h6 9. Bh4 Be6 10. Nf3 Nbd7 11. O-O Qc7 12. Rfc1 Bd6 13. Nb5 Qb8 14. Nxd6 Qxd6 15. Bg3 Qe7 16. h3 Rac8 17. b4 a6 18. a4 Nb6 19. Qc5 Qxc5 20. bxc5 Nc4 21. Rab1 Na5 22. Nd2 Rfd8 23. Nb3 Nxb3 24. Rxb3 Rd7 25. Rcb1 Ne4 26. Bxe4 dxe4 27. Rxb7 Rxb7 28. Rxb7 g5 29. Be5 Kh7 30. a5 Kg6 31. Rb6 Bc4 32. g4 f6 33. Bd6 h5 34. gxh5+ Kxh5 35. Kg2 Kg6 36. Kg3 Bd3 37. h4 gxh4+ 38. Kxh4 Bc4 39. Kg4 f5+ 40. Kf4 Kf6 41. Rb7 Rg8 42. Be7+ Ke6 43. Bg5 Rh8 44. Re7+ Kd5 45. Re5# 1-0


[Site "https://www.chess.com"]

[Event "Titled Tuesday Blitz March 29 Early 2022"]
[White "San, Thit Lwin"]
[Black "Omelja, Artem"]
[WhiteFideId "13001272"]
[BlackFideId "14119846"]
[WhiteElo "2232"]
[BlackElo "2382"]
[Result "0-1"]
[Round "01"]
[TimeControl "180+1"]
[Date "2022.03.30"]
[WhiteClock "0:00:39"]
[BlackClock "0:00:20"]

1. Nf3 d5 2. c4 c6 3. d4 e6 4. e3 Nf6 5. Nc3 Nbd7 6. Qc2 Bd6 7. b3 O-O 8. Bb2 Qe7 9. Be2 b6 10. O-O Bb7 11. e4 dxe4 12. Nxe4 Nxe4 13. Qxe4 Nf6 14. Qh4 h6 15. Rfe1 Rfd8 16. Rad1 Ba3 17. Bc3 Bb4 18. Rd3 Bxc3 19. Rxc3 Qb4 20. Rec1 c5 21. dxc5 Qxc5 22. Re3 Rd7 23. h3 Rad8 24. Qf4 Qa3 25. Re1 Qxa2 26. Ne5 Rd4 27. Qg3 Qa5 28. Bf1 Re4 29. Rxe4 Nxe4 30. Qe3 Qxe5 31. f3 Rd4 32. fxe4 Rxe4 33. Qf2 Rxe1 0-1


[Site "https://www.chess.com"]

[Event "Titled Tuesday Blitz March 29 Early 2022"]
[White "Sanchez Alvares, Kelvin Antonio"]
[Black "Sergienko, Sergey"]
[WhiteFideId "3906680"]
[BlackFideId "4115791"]
[WhiteElo "2193"]
[BlackElo "2193"]
[Result "1/2-1/2"]
[Round "01"]
[TimeControl "180+1"]
[Date "2022.03.30"]
[WhiteClock "0:00:12"]
[BlackClock "0:00:11"]

1. d4 Nf6 2. Nf3 g6 3. Nc3 d5 4. Bg5 Ne4 5. Bf4 Nxc3 6. bxc3 Bg7 7. e3 Nd7 8. c4 c6 9. cxd5 cxd5 10. c4 Nf6 11. Bd3 dxc4 12. Bxc4 O-O 13. O-O Bf5 14. Qb3 Be4 15. Ne5 Bd5 16. Rfc1 Bxc4 17. Rxc4 Qd5 18. Rc7 Qxb3 19. axb3 Nd5 20. Rxb7 Nxf4 21. exf4 Bf6 22. Raxa7 Rxa7 23. Rxa7 Rb8 24. Nd7 Rxb3 25. Nxf6+ exf6 26. g3 Rd3 27. Ra4 Rd2 28. Kg2 f5 29. Kf3 Kg7 30. Ke3 Rd1 31. Ra2 Kf6 32. Rd2 Rh1 33. d5 Ke7 34. h4 Kd6 35. Kf3 Re1 36. g4 fxg4+ 37. Kxg4 Rg1+ 38. Kf3 Re1 39. f5 gxf5 40. Kf4 Re4+ 41. Kxf5 Rxh4 42. Kf6 Rf4+ 43. Kg5 Rf3 44. Kg4 Rf6 45. f4 h6 46. Rd3 h5+ 47. Kg5 Rg6+ 48. Kxh5 Rg1 49. Rd2 f5 50. Re2 Kxd5 51. Re5+ Kd6 52. Rxf5 Ke6 53. Re5+ Kf6 54. Ra5 Rf1 55. Kg4 Rg1+ 56. Kf3 Rf1+ 57. Ke3 Re1+ 58. Kf2 Re6 59. Kf3 Rb6 60. Kg4 Rc6 61. Rh5 Kg6 62. Rg5+ Kf6 63. Rh5 Kg6 64. f5+ Kg7 65. Rg5+ Kf7 66. Rh5 Rc1 67. Rh7+ Kf6 68. Rh6+ Kf7 69. Ra6 Rg1+ 70. Kf4 Rf1+ 71. Ke5 Re1+ 72. Kd5 Rd1+ 73. Ke4 Re1+ 74. Kf4 Rf1+ 75. Kg4 Rg1+ 76. Kh3 Rf1 77. Kg4 Rg1+ 1/2-1/2


[Site "https://www.chess.com"]

[Event "Titled Tuesday Blitz March 29 Early 2022"]
[White "Sarkar, Justin"]
[Black "Ambartsumova, Karina"]
[WhiteFideId "2010011"]
[BlackFideId "4166299"]
[WhiteElo "2038"]
[BlackElo "2262"]
[Result "0-1"]
[Round "01"]
[TimeControl "180+1"]
[Date "2022.03.30"]
[WhiteClock "0:00:02"]
[BlackClock "0:00:28"]

1. d4 Nf6 2. c4 e6 3. Nc3 d5 4. Bg5 Be7 5. e3 h6 6. Bh4 O-O 7. Nf3 Ne4 8. Bxe7 Qxe7 9. cxd5 Nxc3 10. bxc3 exd5 11. Bd3 c5 12. O-O Nc6 13. Rb1 Bg4 14. h3 Bh5 15. Bf5 Rfd8 16. Re1 b6 17. g4 Bg6 18. Bxg6 fxg6 19. Kg2 Qf6 20. Nd2 Rf8 21. Rf1 Rae8 22. Qc2 Qd6 23. Rbe1 Re7 24. Qd3 c4 25. Qc2 b5 26. f4 b4 27. Nf3 a5 28. Ne5 Nxe5 29. fxe5 Qc6 30. Rxf8+ Kxf8 31. Rf1+ Kg8 32. Qf2 Kh7 33. Qf8 Re8 34. Qf7 bxc3 35. h4 Qe6 36. h5 Qxg4+ 0-1


[Site "https://www.chess.com"]

[Event "Titled Tuesday Blitz March 29 Early 2022"]
[White "Schut, Han"]
[Black "Maltsevskaya, Aleksandra"]
[WhiteFideId "1005561"]
[BlackFideId "24174041"]
[WhiteElo "2057"]
[BlackElo "2241"]
[Result "1-0"]
[Round "01"]
[TimeControl "180+1"]
[Date "2022.03.30"]
[WhiteClock "0:01:33"]
[BlackClock "0:01:13"]

1. e4 c5 2. Nf3 e6 3. c4 Nc6 4. Nc3 Nf6 5. Be2 Qb6 6. O-O Be7 7. Rb1 Kf8 8. d3 a6 9. h3 h5 10. Be3 Nd4 11. b4 Qc7 12. bxc5 Ng4 13. Bxd4 Bxc5 14. Bxc5+ Qxc5 15. d4 Qc7 16. e5 d6 17. hxg4 hxg4 18. exd6 Qd8 19. g3 gxf3 20. Bxf3 Bd7 21. Kg2 1-0


[Site "https://www.chess.com"]

[Event "Titled Tuesday Blitz March 29 Early 2022"]
[White "Secer, Ata"]
[Black "Tabatabaei, M. Amin"]
[WhiteFideId "6303293"]
[BlackFideId "12521213"]
[WhiteElo "2282"]
[BlackElo "2544"]
[Result "1/2-1/2"]
[Round "01"]
[TimeControl "180+1"]
[Date "2022.03.29"]
[WhiteClock "0:00:11"]
[BlackClock "0:00:18"]

1. e4 c6 2. d4 d5 3. Nd2 dxe4 4. Nxe4 Nf6 5. Nxf6+ exf6 6. c3 Bd6 7. Bd3 O-O 8. Ne2 Re8 9. O-O Qc7 10. h3 Nd7 11. Be3 Nf8 12. Qd2 Ng6 13. Rfe1 Be6 14. Bxg6 hxg6 15. Bf4 g5 16. Bxd6 Qxd6 17. b3 Rad8 18. Rad1 g4 19. hxg4 Bxg4 20. f3 Bc8 21. Nf4 g6 22. Rxe8+ Rxe8 23. Nd3 Kg7 24. Re1 Rxe1+ 25. Qxe1 Bf5 26. Nc5 b6 27. Ne4 Qe7 28. Kf2 a5 29. Ng3 Qxe1+ 30. Kxe1 Bb1 31. a3 f5 32. f4 Be4 33. Kf2 Bd5 34. b4 Kf6 35. Nf1 Ke6 36. Ne3 Be4 37. g3 a4 38. c4 c5 39. dxc5 bxc5 40. b5 Kd6 41. Ke1 Kc7 42. Nd5+ Kd6 43. Nb6 Bc2 44. Kd2 Bb3 45. Kc3 Kc7 46. Nd5+ Kd6 47. Kd3 Bd1 48. Ne3 Bb3 49. Kc3 Kc7 50. Nd5+ Kd6 51. Nf6 Ke6 52. Nd5 Kd7 53. Kd3 Kd6 54. Nc3 Kc7 55. Nd5+ Kd8 56. Kc3 Bd1 57. Kd3 Kc8 58. Nc3 Bb3 59. Nd5 Kd7 60. Nc3 Ke6 61. Nd5 Kd6 62. Nc3 Kc7 63. Nd5+ Kb7 64. Nc3 Kb6 65. Nd5+ Ka5 66. Kc3 Bd1 67. Kd3 Bf3 68. Nc3 f6 69. Kd2 Bb7 70. Kd3 Ba8 71. Ne2 Be4+ 72. Kc3 Kb6 73. Nc1 g5 74. Nd3 Bf3 75. Nb2 Ka5 76. Nd3 Kb6 77. Nb2 Ka5 78. Nd3 Kb6 1/2-1/2


[Site "https://www.chess.com"]

[Event "Titled Tuesday Blitz March 29 Early 2022"]
[White "Seo, Jung Min"]
[Black "Heinemann, Josefine"]
[WhiteFideId "1734687"]
[BlackFideId "12900460"]
[WhiteElo "2401"]
[BlackElo "2300"]
[Result "1-0"]
[Round "01"]
[TimeControl "180+1"]
[Date "2022.03.30"]
[WhiteClock "0:01:40"]
[BlackClock "0:00:01"]

1. e4 c6 2. Nf3 d5 3. Nc3 Bg4 4. h3 Bxf3 5. Qxf3 e6 6. d4 dxe4 7. Qxe4 Nf6 8. Qd3 Nbd7 9. Be2 Be7 10. O-O O-O 11. Rd1 Qc7 12. Ne4 Nxe4 13. Qxe4 Nf6 14. Qf3 Rfd8 15. c3 c5 16. dxc5 Bxc5 17. Bf4 Qb6 18. b4 Be7 19. a3 Nd5 20. Bd2 Bf6 21. Rac1 Rac8 22. c4 Ne7 23. Be3 Qc7 24. Bd3 Ng6 25. Be4 b6 26. c5 bxc5 27. Rxc5 Qe7 28. Rxd8+ Rxd8 29. g3 Ne5 30. Qe2 g6 31. Qc2 Qd7 32. Rc7 Qd6 33. Rxa7 h5 34. Qc7 Qd1+ 35. Kg2 h4 36. Bf4 Rd7 37. Qb8+ Rd8 38. Qb7 Rd7 39. Qa6 hxg3 40. Bxg3 1-0


[Site "https://www.chess.com"]